woodfighter, neutral female human Healer -------------- ---------- ############################-............| ------- |........| # |............| |.....-#####-.........## ##.............| |.....| |........| # |............| |.....| |........| ### ---------.---- ----.-- --+------- # # # ### ### # ### f # ## # #@# # + # ###### -----# ----.- #---.------ |...|# |....| ### #|........| |...|# |}}..-###########|........| #->..|# |}}}}| ### |.*.....<.###############|....# |}}}.| # |........| ----- |}}...## `#-........| ------ ---....--- ------ woodfighter the Rhizotomist Experience level: 1 Strength: 12 Dexterity: 8 Constitution: 16 Intelligence: 7 Wisdom: 17 Charisma: 16 Health: 0(13) Energy: 6(6) Def: 2 Gold: 1825 Moves: 847 Dungeon seed: SGL4hK30O14Imp1_ Game ID: woodfighter_1508692965 Your Inventory: Coins $ - 1825 gold pieces Weapons a - a +0 scalpel (weapon in hand) w - 13 +0 darts (in quiver) Armor e - an uncursed +1 pair of leather gloves (being worn) Comestibles l - 6 blessed eucalyptus leaves m - 4 blessed sprigs of wolfsbane o - 4 blessed cloves of garlic p - 7 uncursed apples Scrolls q - an uncursed scroll of identify s - a cursed scroll of identify t - an uncursed scroll of teleportation u - an uncursed scroll of light x - 3 uncursed scrolls of scare monster A - a cursed scroll of remove curse Spellbooks i - a blessed spellbook of healing j - a blessed spellbook of extra healing k - a blessed spellbook of stone to flesh v - an uncursed spellbook of extra healing Potions c - 3 uncursed potions of healing d - a blessed potion of healing f - 3 uncursed potions of extra healing g - a blessed potion of extra healing Rings z - a cursed ring of hunger Wands h - a wand of sleep (0:6) Tools b - an uncursed stethoscope y - an uncursed lock pick Spells and supernatural/magical abilities: Name Level Category Fail Memory h - healing 1 healing 23% 96% x - extra healing 3 healing 100% 96% S - stone to flesh 3 healing 100% 96% W - pray for help -- divine ? -- Your skills at the end: Miscellaneous Skills wands [Basic] Weapon Skills knife [Basic] Spellcasting Skills healing spells [Basic] Final Attributes: You were devoutly aligned. You were poison resistant. You were very stealthy. You are dead. Vanquished creatures: a gas spore a gecko a hobgoblin 2 jackals 2 kobolds 3 newts 2 grid bugs 12 creatures vanquished. Voluntary challenges: You did not adorn yourself with jewelry or accessories. You did not cause conflict. You were not invisible. You did not have reflection. You were not displaced. You were an atheist. You used a wielded weapon 15 times, starting on turn 169. You did not apply a unicorn horn. You did not use plumbed fixtures. You did not drink any magical draughts. You were illiterate. You never genocided any monsters. You never polymorphed an object. You never changed form. You used no wishes. You never split a pudding. You never wrote Elbereth's name. You never violated your personal moral code. Dungeon overview: The Dungeons of Doom: levels 1 to 4 Level 1 a sink a long staircase Level 2 many fountains Level 3 <- You were here Level 4 History has recorded: On T:1 you entered the Dungeons of Doom to retrieve the Amulet of Yendor! On T:322 you reached level 2 of The Dungeons of Doom. On T:610 you reached level 3 of The Dungeons of Doom. On T:799 you reached level 4 of The Dungeons of Doom. Score breakdown: Gold: 399 ( 39 points) Experience: 1 level ( 0 points) Exploration: 4 levels ( 90 points) Discoveries: 6 items ( 300 points) Variety of kills: 7 monsters ( 350 points) Major goal: (nothing yet) ( 0 points) Survival: died (score multiplied by 3) Total score: 2337 Latest messages: You hear a hollow sound. This must be a secret passage! You hear a hollow sound. This must be a secret passage! You stop exploring. You hack the gecko. The gecko is moderately wounded. The gecko bites! You kill the gecko! You hear the chime of a cash register. You stop exploring. You are beginning to feel hungry. You stop exploring. You hear a hollow sound. This must be a secret passage! You hear someone cursing shoplifters. You stop exploring. (2x) You hear a hollow sound. This must be a secret door! You displace kitty. You stop exploring. You slash the gas spore. The gas spore is moderately damaged. You kill the gas spore! You are caught in the gas spore's explosion! Final status: Goodbye woodfighter the Healer, killed by a gas spore's explosion... You died in The Dungeons of Doom on dungeon level 3 with 2337 points, and 1825 pieces of gold, after 847 moves. You were level 1 with a maximum of 13 hit points when you died.